 Dungeon Crawl Stone Soup version 0.14.1 (webtiles) character file.

68560 Indrah22 the Grappler (level 14, 0/127 HPs)
             Began as a Troll Transmuter on Apr 27, 2014.
             Was a High Priest of the Shining One.
             Slain by an orc warrior
             ... wielding a +0,+0 mace
              (6 damage)
             ... on Level 1 of the Orcish Mines on Apr 29, 2014.
             The game lasted 03:36:16 (25294 turns).

Indrah22 the Grappler (Troll Transmuter)           Turns: 25294, Time: 03:36:16

HP   0/127       AC 10     Str 21      XL: 14   Next: 79%
MP  23/23        EV 13     Int 15      God: the Shining One [*****.]
Gold 2112        SH  0     Dex 14      Spells:  3 memorised, 16 levels left

rFire  + . .     SeeInvis .       - Unarmed
rCold  . . .     Clarity  .     F - +2 robe {rF+}
rNeg   + + +     Conserve .     (shield restricted)
rPois  .         rCorr    .     (helmet restricted)
rElec  .         rRot     .     Q - +2 cloak of Miemil {MR++}
SustAb . .       Spirit   .     (gloves unavailable)
rMut   .         Warding  .     (boots unavailable)
Gourm  +         Stasis   .     (no amulet)
MR     +++..                    V - ring "Quggoxiu" {Dex+4 Int+2}
                                j - ring of positive energy

@: about to teleport, glowing, extremely resistant to hostile enchantments, very
unstealthy
A: unfitting armour, claws 3, fast metabolism 3, gourmand, regeneration 2,
saprovore 2, shaggy fur 1, tough skin 2
a: Divine Shield, Cleansing Flame, Summon Divine Warrior, Renounce Religion


You were on level 1 of the Orcish Mines.
You worshipped the Shining One.
The Shining One was extremely pleased with you.
You were very full.

You visited 4 branches of the dungeon, and saw 23 of its levels.
You also visited: Sewer, Ossuary and Volcano.

You collected 2470 gold pieces.
You spent 358 gold pieces at shops.

Inventory:

Hand weapons
 q - a +0,+0 sling
Missiles
 a - 2 sling bullets of frost
 b - 84 arrows
 c - 6 sling bullets of flame
 l - 10 silver sling bullets
 m - 15 exploding sling bullets
 r - 79 sling bullets
 G - a throwing net
 K - 61 arrows of flame
 N - 20 tomahawks (quivered)
 W - 26 arrows of frost
Armour
 u - a +2 robe of cold resistance
 F - a +2 robe of fire resistance (worn)
 Q - the +2 cloak of Miemil (worn) {MR++}
   (You bought it in a shop on level 10 of the Dungeon)

   It affects your resistance to hostile enchantments.
Magical devices
 z - a wand of frost (9)
 C - a wand of disintegration (7)
 M - a wand of cold (0)
 R - a wand of paralysis (8)
 Y - a wand of confusion (10)
Comestibles
 o - 2 rotting chunks of orc flesh
 s - 6 meat rations
 t - 2 rotting chunks of hobgoblin flesh
 v - a chunk of goblin flesh
Scrolls
 d - a scroll of holy word
 e - a scroll of recharging
 k - 5 scrolls of remove curse
 p - a scroll of teleportation
 w - 3 scrolls of magic mapping
Jewellery
 j - a ring of positive energy (left claw)
 O - an uncursed ring of protection from magic
 V - the ring "Quggoxiu" (right claw) {Dex+4 Int+2}
   (You took it off an orc wizard on level 11 of the Dungeon)

   [ring of dexterity]

   It affects your dexterity (+4).
   It affects your intelligence (+2).
Potions
 g - 2 potions of might
 h - a potion of berserk rage
 D - a potion of agility
Miscellaneous
 f - a box of beasts {used: 2}
Rods
 S - a +0 rod of ignition (10/10)
   (You found it on level 7 of the Lair of Beasts)


   Skills:
 - Level 5.4 Fighting
 * Level 7.3 Slings
 - Level 1.5 Throwing
 - Level 5.9 Dodging
 + Level 1.0 Shields
 + Level 13.2 Unarmed Combat
 + Level 5.9 Spellcasting
 + Level 9.9 Transmutations
 + Level 8.0 Invocations
 - Level 5.0 Evocations


You had 16 spell levels left.
You knew the following spells:

 Your Spells              Type           Power        Failure   Level  Hunger
a - Beastly Appendage     Trmt           ####..       1%          1    None
c - Blade Hands           Trmt           ####......   10%         5    #####..
x - Sticks to Snakes      Trmt           ####......   1%          2    #......


Dungeon Overview and Level Annotations

Branches:
Dungeon (11/15)            Temple (1/1) D:7             Orc (3/4) D:11
    Elf (0/3) Orc:3          Lair (8/8) D:11         Shoals (0/5) Lair:4
  Snake (0/5) Lair:4        Slime (0/6) Lair:6

Altars:
Ashenzari
Cheibriados
Dithmenos
Elyvilon
Fedhas
Kikubaaqudgha
Makhleb
Nemelex Xobeh
Okawaru
Sif Muna
Trog
Vehumet
Xom
Yredelemnul
Zin
The Shining One
Beogh

Shops:
D:10 [   Orc:1 [

Annotations:
D:3 exclusion: centaur
Lair:7 exclusion: oklob plant


Innate Abilities, Weirdness & Mutations

You are too large for most types of armour.
You have claws for hands.
Your metabolism is lightning-fast.
You like to eat raw meat.
You heal very quickly.
You can eat rotten meat.
You are covered in fur (AC +1).
You have very tough skin (AC +2).


Message History

The orc warrior hits you with a scimitar.
* * * LOW HITPOINT WARNING * * *
The orc closely misses you.
You barely miss the orc priest.
The orc priest is lightly wounded.
The orc priest hits you but does no damage.
The ogre hits you with a giant club.
* * * LOW HITPOINT WARNING * * *
The orc hits you but does no damage. The orc hits you.
* * * LOW HITPOINT WARNING * * *
Drink which item? (? for menu, Esc to quit)
You feel better.
The orc wizard gestures at you while chanting.
The magic dart hits you!
The orc warrior hits you with a scimitar.
* * * LOW HITPOINT WARNING * * *
The orc warrior misses you. The orc wizard misses you.
The orc priest barely misses you. The orc hits you but does no damage.
The orc warrior hits you with a mace.
You die...

.........#.#.
...............
.............$..
.......o.......#
.$...........$...
.........o........
.......)ooo..#....
.......ooooo..#
.....ooo@oo.#.#
......oOoo.......
##
#...............
.##
.......#.....$.
..#
...o.........#.
.### ..#..........
...## .#....#.#..
)...# .... #..
....## .


You could see 3 orc warriors, an ogre, 2 orc priests, an orc wizard and 13 orcs.

Vanquished Creatures
  4 hydras
  17 death yaks
  A centaur warrior (Volcano)
  A catoblepas (Lair:8)
  An unseen horror (D:11)
  A hill giant (D:11)
  Erolcha (D:11)
  The ghost of patrikchr the Archer, an experienced HEHu of Okawaru (D:5)
  5 griffons
  An orc sorcerer (Orc:1)
  12 elephants
  Maurice (D:8)
  4 black mambas
  2 molten gargoyles (Volcano)
  A gargoyle (D:10)
  7 spiny frogs
  A queen ant (D:9)
  2 feature mimics
  A yaktaur (Volcano)
  A fire drake (Lair:8)
  A troll (D:9)
  A polar bear (Lair:7)
  A hydra zombie (D:10)
  A merfolk (D:9)
  5 komodo dragons
  13 blink frogs
  A snapping turtle (Lair:4)
  3 grizzly bears
  A two-headed ogre (D:11)
  3 basilisks
  51 yaks
  2 deep elf magi (D:11)
  An elephant slug (Lair:8)
  Eustachio (D:5)
  Grum (Orc:3)
  2 hungry ghosts
  A steam dragon (D:11)
  4 sharks
  17 hippogriffs
  8 soldier ants (D:9)
  21 wolves
  2 wargs (D:11)
  16 orc warriors
  9 water moccasins
  3 necrophages
  A tengu skeleton (D:11)
  12 porcupines
  7 giant goldfish
  A black bear (D:9)
  2 ice beasts
  3 phantoms
  6 ogres
  2 sky beasts
  Duvessa (D:7)
  11 giant slugs
  12 giant frogs
  11 centaurs
  3 lava worms (Volcano)
  17 crocodiles
  Blork the orc (D:7)
  2 big kobolds
  4 scorpions
  A troll zombie (D:8)
  6 killer bees
  A hippogriff skeleton (D:5)
  An electric eel (Lair:4)
  2 goliath beetles
  7 crimson imps
  16 hounds
  21 orc priests
  13 big fish
  A quasit (D:7)
  A human zombie (Ossuary)
  A gnoll shaman (D:4)
  A soldier ant zombie (D:7)
  A centaur zombie (Ossuary)
  29 orc wizards
  4 iguanas
  23 worker ants
  11 sheep
  2 big kobold zombies (Ossuary)
  A sky beast zombie (D:5)
  A hound skeleton (D:10)
  3 mummies
  2 worker ant zombies
  3 gnolls (D:4)
  30 adders
  A big fish zombie (D:2)
  92 green rats
  3 shadow imps
  An inept item mimic (D:5)
  3 giant mites
  4 worms
  2 giant eyeballs
  12 giant geckos
  An ooze (D:3)
  130 orcs
  3 ball pythons
  A bat skeleton (D:6)
  A bat zombie (D:2)
  8 giant cockroaches
  2 gnoll zombies (Ossuary)
  15 hobgoblins
  26 jackals
  21 kobolds
  15 quokkas
  30 bats
  3 giant newts
  A giant spore (D:7)
  20 goblins
  3 goblin zombies (Ossuary)
  A hobgoblin skeleton (D:6)
  2 hobgoblin zombies
  A jackal skeleton (D:4)
  2 jackal zombies (D:7)
  4 orc zombies (Ossuary)
  2 quokka skeletons
  29 rats
  7 ballistomycetes
  2 fungi
  2 plants
962 creatures vanquished.

Vanquished Creatures (collateral kills)
  A deep troll shaman (Lair:8)
  A death yak (Lair:7)
  A lindwurm (Lair:8)
  An orc knight (Orc:1)
  3 elephants (Lair:7)
  Sonja (Orc:3)
  A water moccasin (Lair:8)
  2 orc warriors (Orc:1)
  A boring beetle (Lair:8)
  A giant frog (D:7)
  A killer bee (D:8)
  Dowan (D:7)
  An adder (Lair:6)
  A shadow imp (D:8)
  2 orcs (Orc:1)
  3 jackals (Lair:4)
  A quokka (Lair:5)
23 creatures vanquished.

Vanquished Creatures (others)
  A sheep (Lair:8)
  A chimera (Orc:1)
  A giant spore (D:9)
  4 fungi
  5 plants
12 creatures vanquished.

Grand Total: 997 creatures vanquished

Notes
Turn   | Place    | Note
--------------------------------------------------------------
     0 | D:1      | Indrah22, the Troll Transmuter, began the quest for the Orb.
     0 | D:1      | Reached XP level 1. HP: 18/18 MP: 2/2
   204 | D:1      | Reached XP level 2. HP: 26/26 MP: 2/2
   208 | D:1      | Learned a level 2 spell: Sticks to Snakes
   608 | D:2      | Found a glowing silver altar of Zin.
   733 | D:2      | Found a glowing golden altar of the Shining One.
   743 | D:2      | Reached skill level 4 in Unarmed Combat
   755 | D:2      | Became a worshipper of the Shining One
   779 | D:2      | Found an ancient bone altar of Kikubaaqudgha.
   791 | D:2      | Reached skill level 1 in Throwing
   791 | D:2      | Reached XP level 3. HP: 25/32 MP: 1/3
  1180 | D:2      | Reached XP level 4. HP: 40/40 MP: 4/4
  1233 | D:2      | Found a snail-covered altar of Cheibriados.
  1541 | D:3      | Found a shattered altar of Ashenzari.
  1824 | D:3      | Found a blossoming altar of Fedhas.
  1833 | D:3      | Noticed a centaur
  1933 | D:3      | Found a burning altar of Makhleb.
  1933 | D:3      | Found a shadowy altar of Dithmenos.
  2068 | D:3      | Found a deep blue altar of Sif Muna.
  2323 | D:4      | Reached XP level 5. HP: 43/46 MP: 3/4
  2351 | D:4      | Noticed a giant goldfish
  2352 | D:4      | Noticed a giant goldfish
  2352 | D:4      | Acquired the Shining One's first power
  2353 | D:4      | Noticed a giant goldfish
  2353 | D:4      | Noticed a giant goldfish
  2364 | D:4      | Killed a giant goldfish
  2364 | D:4      | Reached skill level 5 in Unarmed Combat
  2450 | D:4      | Killed a giant goldfish
  2450 | D:4      | Reached XP level 6. HP: 30/54 MP: 3/5
  2526 | D:4      | Killed a giant goldfish
  2526 | D:4      | Reached skill level 6 in Unarmed Combat
  2541 | D:4      | Reached XP level 7. HP: 55/61 MP: 4/5
  2563 | D:4      | Killed a giant goldfish
  2885 | D:5      | Entered Level 5 of the Dungeon
  2893 | D:5      | Noticed patrikchr's ghost (experienced HEHu)
  2918 | D:5      | Killed patrikchr's ghost
  2918 | D:5      | Reached skill level 7 in Unarmed Combat
  2918 | D:5      | Reached skill level 5 in Transmutations
  2918 | D:5      | Reached XP level 8. HP: 68/68 MP: 4/6
  2958 | D:5      | Found a glowing drain.
  3000 | Sewer    | Entered a sewer
  3053 | Sewer    | Reached skill level 8 in Unarmed Combat
  3091 | Sewer    | Found a glowing silver altar of Zin.
  3461 | D:5      | Noticed Eustachio
  3473 | D:5      | Killed Eustachio
  4000 | D:6      | Reached XP level 9. HP: 75/75 MP: 7/7
  4675 | D:7      | Noticed Duvessa
  4676 | D:7      | Noticed Dowan
  4686 | D:7      | Killed Duvessa
  4686 | D:7      | Reached skill level 9 in Unarmed Combat
  4695 | D:7      | Killed Dowan
  4736 | D:7      | Found a staircase to the Ecumenical Temple.
  4792 | D:7      | Noticed Blork the orc
  4803 | D:7      | Found a sand-covered staircase.
  4809 | D:7      | Killed Blork the orc
  4813 | Ossuary  | Entered an ossuary
  4860 | Ossuary  | Acquired the Shining One's second power
  5009 | Temple   | Entered the Ecumenical Temple
  5443 | D:7      | Found a bloodstained altar of Trog.
  5675 | D:8      | Reached skill level 1 in Fighting
  5984 | D:8      | Reached skill level 1 in Evocations
  6061 | D:8      | Noticed Maurice
  6073 | D:8      | Killed Maurice
  6073 | D:8      | Reached skill level 5 in Dodging
  6168 | D:8      | Reached XP level 10. HP: 58/87 MP: 7/7
  7326 | D:9      | Reached skill level 10 in Unarmed Combat
  7862 | D:9      | Paralysed by a giant eyeball for 3 turns
  8639 | D:9      | Upgraded the game from 0.14.0-26-g1682e81 to 0.14.1
  8640 | D:10     | Entered Level 10 of the Dungeon
  8652 | D:10     | Reached XP level 11. HP: 54/100 MP: 11/11
  8818 | D:10     | Found Cuvvay's Antique Armour Emporium.
  8829 | D:10     | Bought a steaming cloak for 342 gold pieces
  8833 | D:10     | Identified the +2 cloak of Miemil {MR++} (You bought it in a shop on level 10 of the Dungeon)
  8853 | D:10     | Reached skill level 1 in Invocations
  9195 | D:10     | Found a staircase to the Orcish Mines.
  9207 | D:10     | the staircase to the Orcish Mines was a mimic.
  9286 | D:10     | Found a roughly hewn altar of Beogh.
  9297 | D:10     | HP: 2/101 [orc priest/divine providence (12)]
  9553 | D:10     | Acquired the Shining One's third power
 10204 | D:11     | Noticed Erolcha
 10229 | D:11     | Killed Erolcha
 10322 | D:11     | Got a shimmering wooden ring
 10351 | D:11     | Found a staircase to the Lair.
 10515 | D:11     | Noticed a hill giant
 10527 | D:11     | Killed a hill giant
 10641 | D:11     | Found a staircase to the Orcish Mines.
 10655 | D:11     | Reached skill level 5 in Fighting
 10835 | D:11     | Reached skill level 11 in Unarmed Combat
 10985 | D:11     | Noticed an unseen horror
 10998 | D:11     | Killed an unseen horror
 10998 | D:11     | Reached XP level 12. HP: 93/111 MP: 16/16
 11005 | D:11     | Learned a level 5 spell: Blade Hands
 11249 | Lair:1   | Entered Level 1 of the Lair of Beasts
 11429 | Lair:1   | Reached skill level 5 in Evocations
 11496 | Lair:1   | Reached skill level 1 in Slings
 12164 | Lair:1   | Identified a +4 rod of clouds (14/14) (You found it on level 1 of the Lair of Beasts)
 12403 | Lair:1   | Found a shimmering altar of Xom.
 15055 | Lair:4   | Found a staircase to the Shoals.
 15231 | Lair:4   | Reached skill level 5 in Invocations
 15603 | Lair:2   | Identified the ring "Quggoxiu" {Dex+4 Int+2} (You took it off an orc wizard on level 11 of the Dungeon)
 15743 | Lair:4   | Noticed a six-headed hydra
 15789 | Lair:4   | Acquired the Shining One's fourth power
 15836 | Lair:4   | Found a staircase to the Snake Pit.
 16012 | Lair:4   | Killed a six-headed hydra
 16012 | Lair:4   | Reached XP level 13. HP: 119/119 MP: 20/20
 16651 | Lair:5   | Reached skill level 12 in Unarmed Combat
 17687 | Lair:6   | Found a dark tunnel.
 17700 | Volcano  | Entered a volcano
 18016 | Volcano  | Found a bloodstained altar of Trog.
 18027 | Volcano  | Reached skill level 5 in Slings
 18429 | Lair:6   | Found a staircase to the Slime Pits.
 18496 | Lair:6   | Reached skill level 5 in Spellcasting
 19738 | Lair:7   | Identified a +0 rod of ignition (10/10) (You found it on level 7 of the Lair of Beasts)
 20091 | Lair:7   | Reached XP level 14. HP: 88/127 MP: 0/22
 20831 | Lair:8   | Entered Level 8 of the Lair of Beasts
 21827 | Lair:8   | Reached skill level 13 in Unarmed Combat
 23160 | Orc:1    | Entered Level 1 of the Orcish Mines
 23541 | Orc:1    | Found Thriab's Antique Armour Shop.
 23553 | Orc:1    | Bought a runed robe for 16 gold pieces
 24033 | Orc:3    | Noticed Grum
 24045 | Orc:3    | Killed Grum
 24183 | Orc:3    | Found a staircase to the Elven Halls.
 24439 | Orc:3    | Noticed Sonja
 24452 | Orc:3    | Killed Sonja
 25289 | Orc:1    | Reached skill level 1 in Shields
 25293 | Orc:1    | HP: 6/127 [orc (4)]
 25294 | Orc:1    | Slain by an orc warrior

Action                   |  1- 3 |  4- 6 |  7- 9 | 10-12 | 13-15 || total
-------------------------+-------+-------+-------+-------+-------++-------
Melee: Unarmed           |   117 |   129 |   380 |  1107 |   976 ||  2709
       Rod               |       |       |       |       |     1 ||     1
 Fire: Sling             |       |       |       |    10 |    61 ||    71
Throw: Dart              |     1 |     7 |    18 |     8 |       ||    34
       Tomahawk          |       |       |       |   117 |    47 ||   164
 Cast: Beastly Appendage |     5 |     5 |    29 |    59 |    53 ||   151
       Sticks to Snakes  |       |       |     8 |    25 |    83 ||   116
       Blade Hands       |       |       |       |       |    11 ||    11
Invok: Summon Divine War |       |       |       |       |     1 ||     1
Evoke: Wand              |       |       |     9 |    17 |    22 ||    48
       Box of beasts     |       |       |       |     2 |     3 ||     5
       Rod               |       |       |       |       |     3 ||     3
  Use: Scroll            |       |     6 |     6 |    12 |    10 ||    34
       Potion            |       |       |     1 |    17 |     9 ||    27
 Stab: Distracted        |       |       |       |     3 |     4 ||     7
       Paralysed         |       |       |       |     1 |       ||     1
